 Dungeon Crawl Stone Soup version 0.22-a0-322-g60b3cfd (webtiles) character file.

4562 xccam the Fighter (level 10, -9/123 HPs)
             Began as a Gnoll Wanderer on Apr 5, 2018.
             Was a Priest of Cheibriados.
             Mangled by a wolf spider (13 damage)
             ... on level 8 of the Dungeon.
             The game lasted 00:18:51 (7955 turns).

xccam the Fighter (Gnoll Wanderer)                  Turns: 7955, Time: 00:18:51

Health: -9/123     AC: 30    Str: 25    XL:     10   Next: 40%
Magic:  27/27      EV:  2    Int: 22    God:    Cheibriados [***...]
Gold:   410        SH:  0    Dex: 26    Spells: 20/20 levels left

rFire    . . .     SeeInvis .   D - +0 war axe (freeze)
rCold    . . .     Gourm    .   d - +0 shield
rNeg     + + +     Faith    +   (armour currently unavailable)
rPois    +         Spirit   .   (helmet currently unavailable)
rElec    .         Reflect  .   (cloak currently unavailable)
rCorr    .         Harm     .   (gloves currently unavailable)
MR       .....     NoTele   +   (boots currently unavailable)
Stlth    +++.......             b - amulet of faith
HPRegen  0.30/turn              s - ring of magical power
MPRegen  0.20/turn              t - +5 ring of protection

@: confused, agile, tree-form, very slow
A: distributed training, strong nose
a: Bend Time, Temporal Distortion, Renounce Religion


You were on level 8 of the Dungeon.
You worshipped Cheibriados.
Cheibriados was most pleased with you.
You were hungry.
You were a tree.
You visited 2 branches of the dungeon, and saw 9 of its levels.

You collected 410 gold pieces.

Inventory:

Hand Weapons
 j - a +0 whip of holy wrath
 n - a +1 quarterstaff of crushing
 D - a +0 war axe of freezing (weapon)
Missiles
 o - 4 tomahawks (quivered)
 r - 255 stones
 w - 3 tomahawks of returning
Armour
 d - a +0 shield (worn)
 u - a +0 chain mail
 v - a +2 helmet (melded)
 y - a +1 scale mail (melded)
 A - a +0 pair of boots (melded)
Jewellery
 a - a cursed amulet of the gourmand {unknown}
 b - an amulet of faith (around neck)
 s - a ring of magical power (left branch)
 t - a +5 ring of protection (right branch)
Wands
 q - a wand of iceblast (8)
 x - a wand of polymorph (4)
 F - a wand of flame (14)
Scrolls
 h - 3 scrolls of teleportation
 k - 2 scrolls of fog
 m - 4 scrolls of remove curse
 B - a scroll of vulnerability {unknown}
 C - a scroll of random uselessness {unknown}
 E - a scroll of magic mapping
Potions
 g - a potion of curing {unknown}
 G - a potion of mutation {unknown}
 H - a potion of berserk rage {unknown}
Comestibles
 f - 20 rations


   Skills:
 + Level 8.4 Fighting
 + Level 5.1 Short Blades
 + Level 5.1 Long Blades
 + Level 5.1 Axes
 + Level 5.1 Maces & Flails
 + Level 5.1 Polearms
 + Level 5.1 Staves
 + Level 5.1 Slings
 + Level 5.1 Bows
 + Level 5.1 Crossbows
 + Level 5.1 Throwing
 + Level 5.1 Armour
 + Level 5.1 Dodging
 + Level 5.1 Stealth
 + Level 5.8 Shields
 + Level 5.1 Unarmed Combat
 + Level 5.9 Spellcasting
 + Level 4.2 Conjurations
 + Level 4.2 Hexes
 + Level 5.8 Charms
 + Level 5.8 Summonings
 + Level 4.2 Necromancy
 + Level 4.2 Translocations
 + Level 4.2 Transmutations
 + Level 4.2 Fire Magic
 + Level 4.2 Ice Magic
 + Level 4.2 Air Magic
 + Level 4.2 Earth Magic
 + Level 4.2 Poison Magic
 + Level 5.6 Invocations
 + Level 5.8 Evocations


You had 20 spell levels left.
You didn't know any spells.

Dungeon Overview and Level Annotations

Branches:
Dungeon (8/15)             Temple (1/1) D:6
   Lair: D:8-11

Altars:
Ashenzari
Cheibriados
Dithmenos
Elyvilon
Fedhas
Gozag
Hepliaklqana
Makhleb
Okawaru
Qazlal
Ru
Trog
Vehumet
Xom
Yredelemnul
The Shining One


Innate Abilities, Weirdness & Mutations

Your experience applies equally to all skills.
((You have very sharp teeth.))
Your uncanny sense of smell can sniff out nearby items.


Message History

Your +0 pair of boots melds into your body.
Your +1 scale mail melds into your body.
Your roots penetrate the ground.
You block the hound's attack.
The wolf spider hits you but does no damage.
The wolf spider bites you but does no damage.
The hound bites you but does no damage.
It was a potion of agility.
You feel agile all of a sudden.
The wolf spider hits you but does no damage.
You block the wolf spider's attack. The hound bites you but does no damage.
The wolf spider hits you!
* * * LOW HITPOINT WARNING * * *
You block the wolf spider's attack.
You are confused.
You feel invigorated.
The hound stops to sniff the ground.
The hound bites you.
* * * LOW HITPOINT WARNING * * *
The wolf spider hits you!
You die...

......†.'....#...#,,,,,,,,*,,,,*,
........#....#...+,,*,*,*,*,,,,*,
...[....#....#...#,,,,,,,,*,,,,+,
.#....#.#....##.##*,,*,*,,*,,,,*,
##########....#.###,,,,,,,*,,,,*,
#....#...#,,,,,,,+,,,,*,
#....#..)#,,,,,,,*,,,,*,
#....#.s.#,,,,,,,*,,,,*,
#....#.♣.#,,,,,,,*,,,,*,
##########....###h#,,,,,,,*,,,,*,
..........##+##..........,****+*,
....#..#......#..........,,,,,,,,
...>#..#......#..........,,,,,,,,
....#####.....#..........,,,,,,,,
........#######......####*,,,,,,,
..........,,,,.......# *,,,,,,,
..........∆,,........# *,,,,,,,


You could see a wolf spider and a hound.

Vanquished Creatures
  A two-headed ogre (D:8)
  A cyclops (D:7)
  Joseph (D:7)
  A black mamba (shapeshifter) (D:7)
  2 hippogriffs (D:7)
  A water moccasin (D:8)
  An orc warrior (D:7)
  A black bear (D:6)
  3 sky beasts
  A phantom (D:2)
  3 ogres
  2 bullfrogs
  A scorpion (D:6)
  6 killer bees (D:7)
  A howler monkey (D:4)
  4 crimson imps
  A jelly (D:6)
  2 hounds
  5 orc priests
  A centaur skeleton (D:8)
  12 orc wizards
  3 bullfrog skeletons
  3 worker ants
  An iguana (D:7)
  2 worker ant zombies (D:6)
  3 gnolls (D:3)
  A howler monkey skeleton (D:6)
  6 adders
  2 shadow imps (D:6)
  An adder skeleton (D:4)
  2 worms
  2 dart slugs
  A leopard gecko (D:7)
  24 orcs
  2 ball pythons
  2 giant cockroaches
  2 gnoll zombies (D:2)
  8 goblins
  4 hobgoblins
  11 jackals
  A quokka (D:3)
  4 bats (D:1)
  6 frilled lizards
  8 kobolds
  7 rats
157 creatures vanquished.

Vanquished Creatures (others)
  An orc wizard (D:6)
1 creature vanquished.

Grand Total: 158 creatures vanquished

Notes
Turn   | Place    | Note
-------+----------+-------------------------------------------
     0 | D:1      | xccam the Gnoll Wanderer began the quest for the Orb.
     0 | D:1      | xccam set off with: a +2 spear, a +0 buckler, a +0 robe, a ration
     0 | D:1      | Reached XP level 1. HP: 23/23 MP: 4/4
   315 | D:1      | Reached XP level 2. HP: 19/29 MP: 5/5
  1030 | D:1      | Reached XP level 3. HP: 35/35 MP: 7/7
  1095 | D:2      | Noticed a phantom
  1290 | D:2      | Reached skill level 1 in Invocations
  1356 | D:2      | Found a burning altar of Makhleb.
  1358 | D:2      | Found a shattered altar of Ashenzari.
  1360 | D:2      | Found a sacrificial altar of Ru.
  1361 | D:2      | Found a radiant altar of Vehumet.
  1374 | D:2      | Reached skill level 1 in Short Blades
  1374 | D:2      | Reached skill level 1 in Long Blades
  1374 | D:2      | Reached skill level 1 in Axes
  1374 | D:2      | Reached skill level 1 in Maces & Flails
  1374 | D:2      | Reached skill level 1 in Polearms
  1374 | D:2      | Reached skill level 1 in Staves
  1374 | D:2      | Reached skill level 1 in Slings
  1374 | D:2      | Reached skill level 1 in Bows
  1374 | D:2      | Reached skill level 1 in Crossbows
  1374 | D:2      | Reached skill level 1 in Throwing
  1374 | D:2      | Reached skill level 1 in Armour
  1374 | D:2      | Reached skill level 1 in Dodging
  1374 | D:2      | Reached skill level 1 in Stealth
  1374 | D:2      | Reached skill level 1 in Unarmed Combat
  1375 | D:2      | Reached XP level 4. HP: 20/41 MP: 8/8
  1947 | D:2      | Found a glowing golden altar of the Shining One.
  2013 | D:2      | Killed a phantom
  2013 | D:2      | Reached skill level 1 in Conjurations
  2013 | D:2      | Reached skill level 1 in Hexes
  2013 | D:2      | Reached skill level 1 in Necromancy
  2013 | D:2      | Reached skill level 1 in Translocations
  2013 | D:2      | Reached skill level 1 in Transmutations
  2013 | D:2      | Reached skill level 1 in Fire Magic
  2013 | D:2      | Reached skill level 1 in Ice Magic
  2013 | D:2      | Reached skill level 1 in Air Magic
  2013 | D:2      | Reached skill level 1 in Earth Magic
  2013 | D:2      | Reached skill level 1 in Poison Magic
  2013 | D:2      | Reached XP level 5. HP: 43/47 MP: 9/9
  2341 | D:2      | Found a basalt altar of Yredelemnul.
  2656 | D:3      | Found a shimmering altar of Xom.
  2660 | D:3      | Found a shimmering altar of Xom.
  2660 | D:3      | Found a shimmering altar of Xom.
  2660 | D:3      | Found a shimmering altar of Xom.
  2687 | D:3      | Found a shimmering altar of Xom.
  2694 | D:3      | Found a shimmering altar of Xom.
  2695 | D:3      | Found a shimmering altar of Xom.
  2695 | D:3      | Found a shimmering altar of Xom.
  3356 | D:3      | Reached XP level 6. HP: 51/53 MP: 10/10
  3383 | D:3      | Found an opulent altar of Gozag.
  3383 | D:3      | Found a white marble altar of Elyvilon.
  3765 | D:4      | Noticed a sky beast
  3783 | D:4      | Killed a sky beast
  3783 | D:4      | Reached XP level 7. HP: 17/59 MP: 12/12
  4219 | D:5      | Entered Level 5 of the Dungeon
  4325 | D:5      | Reached skill level 7 in Fighting
  4708 | D:6      | Found a staircase to the Ecumenical Temple.
  4731 | Temple   | Entered the Ecumenical Temple
  4752 | Temple   | Became a worshipper of Cheibriados the Contemplative
  4804 | D:6      | Reached XP level 8. HP: 56/67 MP: 14/14
  4935 | D:6      | Found a sacrificial altar of Ru.
  5090 | D:6      | Reached * piety under Cheibriados
  5982 | D:7      | Reached ** piety under Cheibriados
  6051 | D:7      | Noticed a hippogriff
  6062 | D:7      | Killed a hippogriff
  6062 | D:7      | Reached skill level 5 in Charms
  6062 | D:7      | Reached skill level 5 in Summonings
  6062 | D:7      | Reached XP level 9. HP: 56/73 MP: 16/16
  6129 | D:7      | Noticed Joseph
  6143 | D:7      | Killed Joseph
  6143 | D:7      | Reached skill level 5 in Spellcasting
  6203 | D:7      | Reached skill level 5 in Shields
  6203 | D:7      | Reached skill level 5 in Evocations
  6580 | D:7      | Reached skill level 8 in Fighting
  6848 | D:7      | Noticed a cyclops
  6866 | D:7      | Killed a cyclops
  6866 | D:7      | Reached skill level 5 in Invocations
  6885 | D:7      | Noticed a black mamba
  6894 | D:7      | Killed a black mamba
  6894 | D:7      | Reached XP level 10. HP: 23/80 MP: 18/18
  7317 | D:7      | Reached *** piety under Cheibriados
  7590 | D:8      | Noticed a two-headed ogre
  7605 | D:8      | Killed a two-headed ogre
  7605 | D:8      | Reached skill level 5 in Short Blades
  7605 | D:8      | Reached skill level 5 in Long Blades
  7605 | D:8      | Reached skill level 5 in Axes
  7605 | D:8      | Reached skill level 5 in Maces & Flails
  7605 | D:8      | Reached skill level 5 in Polearms
  7605 | D:8      | Reached skill level 5 in Staves
  7605 | D:8      | Reached skill level 5 in Slings
  7605 | D:8      | Reached skill level 5 in Bows
  7605 | D:8      | Reached skill level 5 in Crossbows
  7605 | D:8      | Reached skill level 5 in Throwing
  7605 | D:8      | Reached skill level 5 in Armour
  7605 | D:8      | Reached skill level 5 in Dodging
  7605 | D:8      | Reached skill level 5 in Stealth
  7605 | D:8      | Reached skill level 5 in Unarmed Combat
  7943 | D:8      | Noticed a two-headed ogre
  7948 | D:8      | Noticed a shock serpent
  7948 | D:8      | a two-headed ogre changed into a shock serpent
  7952 | D:8      | Noticed a wolf spider
  7952 | D:8      | a shock serpent changed into a wolf spider
  7954 | D:8      | HP: 1/123 [wolf spider (12)]
  7955 | D:8      | Mangled by a wolf spider

Vault maps used:
D:1:      shiori_shiawase
D:2:      grunt_temple_overflow_open, lemuel_zombie_altar_yredelemnul,
          tso_oasis_becter
D:3:      gammafunk_temple_overflow_elements, first_ration, xom_redecorated
D:5:      serial_glass, glass_columns_a, glass_columns_b, due_unseen_surprise,
          item_on_display_a, item_on_display_a, supply_closet_lemuel
D:6:      minmay_temple_entry_overgrown, hangedman_ru_absence
D:7:      grunt_ogre_cave, minmay_three_doors, uniq_joseph
D:8:      hex_tiny
Temple:   eino_temple_water

Skill      XL: |  1  2  3  4  5  6  7  8  9 10 |
---------------+-------------------------------+-----
Invocations    | 1 2 3 4 5 |  5.6
Short Blades   | 1 2 3 4 5 |  5.1
Long Blades    | 1 2 3 4 5 |  5.1
Axes           | 1 2 3 4 5 |  5.1
Maces & Flails | 1 2 3 4 5 |  5.1
Polearms       | 1 2 3 4 5 |  5.1
Staves         | 1 2 3 4 5 |  5.1
Slings         | 1 2 3 4 5 |  5.1
Bows           | 1 2 3 4 5 |  5.1
Crossbows      | 1 2 3 4 5 |  5.1
Throwing       | 1 2 3 4 5 |  5.1
Armour         | 1 2 3 4 5 |  5.1
Dodging        | 1 2 3 4 5 |  5.1
Stealth        | 1 2 3 4 5 |  5.1
Unarmed Combat | 1 2 3 4 5 |  5.1
Spellcasting   | 3 4 5 |  5.9
Shields        | 3 4 5 |  5.8
Conjurations   | 1 2 3 4 |  4.2
Hexes          | 1 2 3 4 |  4.2
Necromancy     | 1 2 3 4 |  4.2
Translocations | 1 2 3 4 |  4.2
Transmutations | 1 2 3 4 |  4.2
Fire Magic     | 1 2 3 4 |  4.2
Ice Magic      | 1 2 3 4 |  4.2
Air Magic      | 1 2 3 4 |  4.2
Earth Magic    | 1 2 3 4 |  4.2
Poison Magic   | 1 2 3 4 |  4.2
Evocations     | 3 4 5 |  5.8
Charms         | 4 5 |  5.8
Summonings     | 4 5 |  5.8
Fighting       | 7 8 |  8.4

Action                   |  1- 3 |  4- 6 |  7- 9 | 10-12 || total
-------------------------+-------+-------+-------+-------++-------
Melee: Spear             |    59 |       |       |       ||    59
       Bite              |     5 |    17 |    46 |    12 ||    80
       Whip              |    17 |       |       |       ||    17
       Quarterstaff      |     8 |   154 |   215 |       ||   377
       War axe           |       |       |   103 |    62 ||   165
Throw: Stone             |       |     7 |    16 |       ||    23
       Tomahawk          |       |       |     1 |     4 ||     5
Invok: Temporal Distorti |       |       |       |     1 ||     1
Evoke: Wand              |       |       |       |     5 ||     5
  Use: Potion            |     2 |     1 |     1 |     3 ||     7
       Scroll            |       |    10 |       |     1 ||    11
 Stab: Sleeping          |     2 |       |       |       ||     2
       Distracted        |       |     1 |       |       ||     1
  Eat: Chunk             |     1 |     8 |     8 |     1 ||    18
Armor: Robe              |    16 |    17 |       |       ||    33
       Ring mail         |       |     5 |       |       ||     5
       Scale mail        |       |    31 |   175 |    39 ||   245
       Skin              |       |       |     6 |     5 ||    11
Dodge: Dodged            |    26 |    94 |   156 |    38 ||   314
Block: Buckler           |    15 |       |       |       ||    15
       Shield            |       |       |    51 |    57 ||   108

Table legend:
 A = Spawn XP
 B = Non-spawn XP
 C = Spawn XP percentage of total XP
 D = Spawn monster count
 E = Non-spawn monster count
 F = Spawn count percentage of total count
 G = Total turns spent on level
                    A         B        C        D         E        F      G
               +---------+---------+-------+---------+---------+-------+---------
         Total |       0 |    6518 |   0.0 |       0 |     158 |   0.0 |  7955
               +---------+---------+-------+---------+---------+-------+---------
           D:1 |       0 |      36 |   0.0 |       0 |      24 |   0.0 |  1231
           D:2 |       0 |     222 |   0.0 |       0 |      27 |   0.0 |  1425
           D:3 |       0 |      62 |   0.0 |       0 |      12 |   0.0 |   758
           D:4 |       0 |     388 |   0.0 |       0 |      15 |   0.0 |   805
           D:5 |       0 |     255 |   0.0 |       0 |      10 |   0.0 |   488
           D:6 |       0 |    1142 |   0.0 |       0 |      34 |   0.0 |  1167
           D:7 |       0 |    3175 |   0.0 |       0 |      32 |   0.0 |  1675
           D:8 |       0 |    1238 |   0.0 |       0 |       4 |   0.0 |   365
               +---------+---------+-------+---------+---------+-------+---------
